SAA
LITTLE CAESARS HOT N READYS @ FT. POLK SOUTH THUNDER HAWKS
05/21/2029
 
TOP OF THE 1ST
Little Caesars Hot N Readys batting - Pitching for Ft. Polk South Thunder Hawks : LHP Carlos González
Pitching: LHP Carlos González
Batting: RHB Jen-djieh Cheung 0-0: Ball
1-0: Ball
2-0: Fly out, F8 (Flyball, 8RS)
Batting: LHB Josh Platt 0-0: Fly out, F8 (Flyball, 8LS)
Batting: SHB Shiki Sanu 0-0: Called Strike
0-1: Foul Ball, location: 2F
0-2: Ball
1-2: Ball
2-2: Foul Ball, location: 2F
2-2: Ground out 6-3 (Groundball, 6)
Top of the 1st over - 0 runs, 0 hits, 0 errors, 0 left on base; Little Caesars 0 - Ft. Polk South 0
BOTTOM OF THE 1ST
Ft. Polk South Thunder Hawks batting - Pitching for Little Caesars Hot N Readys : RHP Kyuichi Hori
Pitching: RHP Kyuichi Hori
Batting: SHB David Martínez 0-0: Foul Ball, location: 2F
0-1: Swinging Strike
0-2: Foul Ball, location: 2F
0-2: Ball
1-2: Strikes out swinging
Batting: RHB Peter Feng 0-0: Ball
1-0: Called Strike
1-1: Called Strike
1-2: Strikes out swinging
Batting: RHB Turner Buccigross 0-0: Ball
1-0: Foul Ball, location: 2F
1-1: Foul Ball, location: 2F
1-2: Fly out, F9 (Flyball, 9S)
Bottom of the 1st over - 0 runs, 0 hits, 0 errors, 0 left on base; Little Caesars 0 - Ft. Polk South 0
TOP OF THE 2ND
Little Caesars Hot N Readys batting - Pitching for Ft. Polk South Thunder Hawks : LHP Carlos González
Batting: SHB Keyveat Postell 0-0: Fly out, F4 (Flyball, 4D)
Batting: RHB Lorenzo Ruíz 0-0: Foul Ball, location: 2F
0-1: Foul Ball, location: 2F
0-2: Ball
1-2: Ground out 4-3 (Groundball, 4)
Batting: SHB Tony Gutiérrez 0-0: Swinging Strike
0-1: Bunt missed!
0-2: Ball
1-2: Ground out 3-1 (Groundball, 34)
Top of the 2nd over - 0 runs, 0 hits, 0 errors, 0 left on base; Little Caesars 0 - Ft. Polk South 0
BOTTOM OF THE 2ND
Ft. Polk South Thunder Hawks batting - Pitching for Little Caesars Hot N Readys : RHP Kyuichi Hori
Batting: RHB José Morín 0-0: Fly out, F7 (Flyball, 78S)
Batting: RHB Erik Sterk 0-0: Ball
1-0: Foul Ball, location: 2F
1-1: Ball
2-1: Ball
3-1: Base on Balls
Batting: RHB Alejandro Santiago 0-0: SINGLE (Line Drive, 89S)
Erik Sterk to second
Batting: RHB Pedro Méndez 0-0: Ball
1-0: Ball
2-0: Fly out, F8 (Flyball, 8LD)
Batting: LHB Tim Stinson 0-0: Ball
1-0: Foul Ball, location: 2F
1-1: Called Strike
1-2: Foul Ball, location: 2F
1-2: Strikes out looking
Bottom of the 2nd over - 0 runs, 1 hit, 0 errors, 2 left on base; Little Caesars 0 - Ft. Polk South 0
TOP OF THE 3RD
Little Caesars Hot N Readys batting - Pitching for Ft. Polk South Thunder Hawks : LHP Carlos González
Batting: LHB Gilberto Moreno 0-0: Ball
1-0: Swinging Strike
1-1: Ball
2-1: Foul Ball, location: 2F
2-2: Strikes out swinging, 2-3 out at first.
Batting: RHB Harith Karim 0-0: Swinging Strike
0-1: Foul Ball, location: 2F
0-2: Ball
1-2: Strikes out swinging
Batting: LHB Elian Gonzalez 0-0: Ball
1-0: SINGLE (Groundball, 23) (infield hit)
Batting: RHB Jen-djieh Cheung 0-0: Fly out, F8 (Flyball, 8RD)
Top of the 3rd over - 0 runs, 1 hit, 0 errors, 1 left on base; Little Caesars 0 - Ft. Polk South 0
BOTTOM OF THE 3RD
Ft. Polk South Thunder Hawks batting - Pitching for Little Caesars Hot N Readys : RHP Kyuichi Hori
Batting: RHB Reece Cockin 0-0: Ball
1-0: Ball
2-0: Called Strike
2-1: Ground out 4-3 (Groundball, 4)
Batting: SHB David Martínez 0-0: Called Strike
0-1: Called Strike
0-2: Strikes out swinging
Batting: RHB Peter Feng 0-0: Ball
1-0: Reached via error on a dropped throw, E1
Batting: RHB Turner Buccigross 0-0: Ball
1-0: Fly out, F5 (Popup, 56S)
Bottom of the 3rd over - 0 runs, 0 hits, 1 error, 1 left on base; Little Caesars 0 - Ft. Polk South 0
TOP OF THE 4TH
Little Caesars Hot N Readys batting - Pitching for Ft. Polk South Thunder Hawks : LHP Carlos González
Batting: LHB Josh Platt 0-0: Called Strike
0-1: Fly out, F4 (Popup, 4D)
Batting: SHB Shiki Sanu 0-0: Ball
1-0: Foul Ball, location: 2F
1-1: DOUBLE (Line Drive, 9LM)
Batting: SHB Keyveat Postell 0-0: Ball
1-0: Called Strike
1-1: Fly out, F7 (Flyball, 7)
Batting: RHB Lorenzo Ruíz 0-0: Ball
1-0: SINGLE (Line Drive, 56D)
Shiki Sanu to third
Batting: SHB Tony Gutiérrez 0-0: Called Strike
0-1: Ball
1-1: Ball
2-1: Ball
3-1: Swinging Strike
3-2: Base on Balls
Lorenzo Ruíz to second
Batting: LHB Gilberto Moreno 0-0: Ball
1-0: Ball
2-0: Ball
3-0: Base on Balls
Shiki Sanu scores
Lorenzo Ruíz to third
Tony Gutiérrez to second
Batting: RHB Harith Karim 0-0: Called Strike
0-1: Ball
1-1: Fielders Choice at 2nd, U4 (Groundball, 4M)
Top of the 4th over - 1 run, 2 hits, 0 errors, 3 left on base; Little Caesars 1 - Ft. Polk South 0
BOTTOM OF THE 4TH
Ft. Polk South Thunder Hawks batting - Pitching for Little Caesars Hot N Readys : RHP Kyuichi Hori
Batting: RHB José Morín 0-0: SINGLE (Groundball, 56S) (infield hit)
Batting: RHB Erik Sterk 0-0: Called Strike
0-1: Ball
1-1: Ball
2-1: SINGLE (Line Drive, 8LS)
José Morín to second
Batting: RHB Alejandro Santiago 0-0: Ball
1-0: Reached on error, E1 (Groundball, 13)
José Morín to third
Erik Sterk to second
Batting: RHB Pedro Méndez 0-0: Fly out, F7 (Flyball, 7S)
Runner from 3rd tags up, SCORES, throw made
Batting: LHB Tim Stinson 0-0: Ball
1-0: Ball
2-0: Grounds into double play, 4-6-3 (Groundball, 4)
Bottom of the 4th over - 1 run, 2 hits, 1 error, 1 left on base; Little Caesars 1 - Ft. Polk South 1
TOP OF THE 5TH
Little Caesars Hot N Readys batting - Pitching for Ft. Polk South Thunder Hawks : LHP Carlos González
Batting: LHB Elian Gonzalez 0-0: Called Strike
0-1: Ball
1-1: Foul Ball, location: 2F
1-2: Ball
2-2: Ball
3-2: Foul Ball, location: 2F
3-2: Base on Balls
Batting: RHB Jen-djieh Cheung 0-0: Ball
1-0: Bunted foul
1-1: Reached on error, E3 (Groundball, 23)
Elian Gonzalez to third
Batting: LHB Josh Platt 0-0: Ball
1-0: Swinging Strike
1-1: Foul Ball, location: 2F
1-2: Strikes out swinging
Batting: SHB Shiki Sanu 0-0: Called Strike
0-1: Ball
1-1: Ball
2-1: Swinging Strike
2-2: Ground out 4-3 (Groundball, 4M)
Batting: SHB Keyveat Postell 0-0: Ground out U3 (Groundball, 3)
Top of the 5th over - 0 runs, 0 hits, 1 error, 2 left on base; Little Caesars 1 - Ft. Polk South 1
BOTTOM OF THE 5TH
Ft. Polk South Thunder Hawks batting - Pitching for Little Caesars Hot N Readys : RHP Kyuichi Hori
Batting: RHB Reece Cockin 0-0: Ball
1-0: Ball
2-0: Ball
3-0: Base on Balls
Batting: SHB David Martínez 0-0: Bunted foul
0-1: Bunted foul
0-2: Ball
1-2: Ground out 4-3 (Groundball, 4)
Reece Cockin to second
Batting: RHB Peter Feng 0-0: Ball
1-0: Called Strike
1-1: Called Strike
1-2: Fly out, F6 (Popup, 6S)
Batting: RHB Turner Buccigross 0-0: Ball
1-0: Ground out 5-3 (Groundball, 56S)
Bottom of the 5th over - 0 runs, 0 hits, 0 errors, 1 left on base; Little Caesars 1 - Ft. Polk South 1
TOP OF THE 6TH
Little Caesars Hot N Readys batting - Pitching for Ft. Polk South Thunder Hawks : LHP Carlos González
Batting: RHB Lorenzo Ruíz 0-0: Called Strike
0-1: Foul Ball, location: 2F
0-2: Foul Ball, location: 2F
0-2: Ball
1-2: Foul Ball, location: 2F
1-2: Fly out, F9 (Flyball, 89M)
Batting: SHB Tony Gutiérrez 0-0: TRIPLE (Line Drive, 89XD)
Batting: LHB Gilberto Moreno 0-0: Intentional Walk
Batting: RHB Harith Karim 0-0: Ball
1-0: Fly out, F8 (Flyball, 89XD)
Runner from 3rd tags up, SCORES, no throw
Batting: LHB Elian Gonzalez 0-0: Called Strike
0-1: Called Strike
0-2: Ball
1-2: Foul Ball, location: 2F
1-2: Fly out, F5 (Popup, 56)
Top of the 6th over - 1 run, 1 hit, 0 errors, 1 left on base; Little Caesars 2 - Ft. Polk South 1
BOTTOM OF THE 6TH
Ft. Polk South Thunder Hawks batting - Pitching for Little Caesars Hot N Readys : RHP Kyuichi Hori
Batting: RHB José Morín 0-0: Swinging Strike
0-1: Foul Ball, location: 2F
0-2: Foul Ball, location: 2F
0-2: Strikes out looking
Batting: RHB Erik Sterk 0-0: Swinging Strike
0-1: Swinging Strike
0-2: Strikes out swinging
Batting: RHB Alejandro Santiago 0-0: Foul Ball, location: 2F
0-1: Foul Ball, location: 2F
0-2: Foul Ball, location: 2F
0-2: Foul Ball, location: 2F
0-2: Ground out 5-3 (Groundball, 5)
Bottom of the 6th over - 0 runs, 0 hits, 0 errors, 0 left on base; Little Caesars 2 - Ft. Polk South 1
TOP OF THE 7TH
Little Caesars Hot N Readys batting - Pitching for Ft. Polk South Thunder Hawks : LHP Carlos González
Batting: RHB Jen-djieh Cheung 0-0: Called Strike
0-1: Foul Ball, location: 2F
0-2: Ground out 6-3 (Groundball, 6)
Batting: LHB Josh Platt 0-0: Fly out, F8 (Flyball, 8RD)
Batting: SHB Shiki Sanu 0-0: Ball
1-0: Ball
2-0: Swinging Strike
2-1: Foul Ball, location: 2F
2-2: Ball
3-2: Strikes out swinging
Top of the 7th over - 0 runs, 0 hits, 0 errors, 0 left on base; Little Caesars 2 - Ft. Polk South 1
BOTTOM OF THE 7TH
Ft. Polk South Thunder Hawks batting - Pitching for Little Caesars Hot N Readys : RHP Kyuichi Hori
Batting: RHB Pedro Méndez 0-0: Called Strike
0-1: Called Strike
0-2: SINGLE (Flyball, 89M)
Pitching: LHP Iván Gonzáles
Pinch Runner at 1st Álex Castillo:
Batting: LHB Tim Stinson 0-0: Bunted foul
0-1: Sac Bunt - play at first, batter OUT! 3-4
Álex Castillo to second
Batting: RHB Reece Cockin 0-0: Ball
1-0: Ball
2-0: Ball
3-0: Called Strike
3-1: Ground out 6-3 (Groundball, 6)
Álex Castillo to third
Pinch Hitting: RHB César Villarreal 0-0: Ball
1-0: Ground out 4-3 (Groundball, 4M)
Bottom of the 7th over - 0 runs, 1 hit, 0 errors, 1 left on base; Little Caesars 2 - Ft. Polk South 1
TOP OF THE 8TH
Little Caesars Hot N Readys batting - Pitching for Ft. Polk South Thunder Hawks : LHP Carlos González
Now in LF: César Villarreal
Batting: SHB Keyveat Postell 0-0: Ball
1-0: Swinging Strike
1-1: Foul Ball, location: 2F
1-2: Fly out, F8 (Flyball, 89S)
Batting: RHB Lorenzo Ruíz 0-0: SINGLE (Groundball, 56D)
Pinch Runner at 1st Pedro García:
Pinch Hitting: RHB Luis Aragón 0-0: Ball
Pedro García steals 2nd base
1-0: DOUBLE (Line Drive, 8LD)
Pedro García scores
Batting: LHB Gilberto Moreno 0-0: Intentional Walk
Batting: RHB Harith Karim 0-0: Ball
1-0: Ball
2-0: Ball
3-0: Called Strike
3-1: Fly out, F9 (Flyball, 89D)
Runner from 2nd tags up, SAFE at 3rd, no throw
Pinch Hitting: RHB Hamilton Swan 0-0: Ball
1-0: Called Strike
1-1: Foul Ball, location: 2F
1-2: Foul Ball, location: 2F
1-2: Foul Ball, location: 2F
1-2: Fly out, F4 (Flyball, 34D)
Top of the 8th over - 1 run, 2 hits, 0 errors, 2 left on base; Little Caesars 3 - Ft. Polk South 1
BOTTOM OF THE 8TH
Ft. Polk South Thunder Hawks batting - Pitching for Little Caesars Hot N Readys : LHP Iván Gonzáles
Now at 2B: Luis Aragón
Now at SS: Hamilton Swan
Batting: RHB Peter Feng 0-0: Fly out, F9 (Flyball, 89D)
Batting: RHB Turner Buccigross 0-0: Called Strike
0-1: Swinging Strike
0-2: Ground out 4-3 (Groundball, 4)
Batting: RHB José Morín 0-0: Called Strike
0-1: DOUBLE (Line Drive, 78D)
Batting: RHB Erik Sterk 0-0: Called Strike
0-1: Ball
1-1: Foul Ball, location: 2F
1-2: Ball
2-2: Ball
3-2: Foul Ball, location: 2F
3-2: SINGLE (Groundball, 6MD)
José Morín to third
José Morín scores
Pitching: RHP Mike Lawrence
Pinch Runner at 1st Borja Berrios:
Batting: RHB Alejandro Santiago 0-0: Ball
1-0: Called Strike
1-1: Foul Ball, location: 2F
1-2: Strikes out swinging
Bottom of the 8th over - 1 run, 2 hits, 0 errors, 1 left on base; Little Caesars 3 - Ft. Polk South 2
TOP OF THE 9TH
Little Caesars Hot N Readys batting - Pitching for Ft. Polk South Thunder Hawks : LHP Carlos González
Now at 3B: Borja Berrios
Batting: RHB Jen-djieh Cheung 0-0: Ball
1-0: Ball
2-0: Ball
3-0: Called Strike
3-1: Base on Balls
Pitching: LHP César Vásquez
Batting: LHB Josh Platt 0-0: Ball
1-0: Ball
2-0: Sac Bunt - play at first, batter OUT! 5-4
Jen-djieh Cheung to second
Batting: SHB Shiki Sanu 0-0: Called Strike
0-1: Called Strike
0-2: Foul Ball, location: 2F
0-2: Strikes out looking
Batting: SHB Keyveat Postell 0-0: Ball
1-0: Swinging Strike
1-1: Ball
2-1: Called Strike
2-2: Ball
3-2: Base on Balls
Batting: LHB Pedro García 0-0: Ball
1-0: Ball
2-0: Foul Ball, location: 2F
2-1: Foul Ball, location: 2F
2-2: Ball
3-2: Strikes out swinging
Top of the 9th over - 0 runs, 0 hits, 0 errors, 2 left on base; Little Caesars 3 - Ft. Polk South 2
BOTTOM OF THE 9TH
Ft. Polk South Thunder Hawks batting - Pitching for Little Caesars Hot N Readys : RHP Mike Lawrence
Pitching: RHP Andrei-Luiz Frial
Batting: SHB Álex Castillo 0-0: Ball
1-0: Foul Ball, location: 2F
1-1: Fly out, F6 (Popup, 6M)
Batting: LHB Tim Stinson 0-0: Ball
1-0: Ball
2-0: Foul Ball, location: 2F
2-1: DOUBLE (Flyball, 8RXD)
Batting: RHB Reece Cockin 0-0: Called Strike
0-1: Swinging Strike
0-2: Ball
1-2: Strikes out swinging
Batting: RHB César Villarreal 0-0: Ball
1-0: Ball
2-0: Called Strike
2-1: Foul Ball, location: 2F
2-2: SINGLE (Groundball, 4MD)
Tim Stinson to third
Runner from 3rd tries for Home, SAFE, no throw
Batting: RHB Peter Feng 0-0: Swinging Strike
0-1: Ball
1-1: Ground out 4-3 (Groundball, 4S)
Bottom of the 9th over - 1 run, 2 hits, 0 errors, 1 left on base; Little Caesars 3 - Ft. Polk South 3
TOP OF THE 10TH
Little Caesars Hot N Readys batting - Pitching for Ft. Polk South Thunder Hawks : LHP César Vásquez
Batting: RHB Luis Aragón 0-0: Ball
1-0: Foul Ball, location: 2F
1-1: Called Strike
1-2: Foul Ball, location: 2F
1-2: Fly out, F5 (Line Drive, 5S)
Batting: LHB Gilberto Moreno 0-0: Called Strike
0-1: Ball
1-1: Ball
2-1: Called Strike
2-2: Strikes out swinging
Pinch Hitting: RHB Mike Taylor 0-0: Called Strike
0-1: Swinging Strike
0-2: Ball
1-2: Strikes out looking
Top of the 10th over - 0 runs, 0 hits, 0 errors, 0 left on base; Little Caesars 3 - Ft. Polk South 3
BOTTOM OF THE 10TH
Ft. Polk South Thunder Hawks batting - Pitching for Little Caesars Hot N Readys : RHP Andrei-Luiz Frial
Now at C: Mike Taylor
Batting: RHB Turner Buccigross 0-0: Called Strike
0-1: Ground out 4-3 (Groundball, 4)
Batting: RHB José Morín 0-0: Ball
1-0: Foul Ball, location: 2F
1-1: Foul Ball, location: 2F
1-2: Fly out, F9 (Flyball, 89M)
Batting: RHB Borja Berrios 0-0: Ball
1-0: Foul Ball, location: 2F
1-1: Ball
2-1: Fly out, F8 (Flyball, 8RS)
Bottom of the 10th over - 0 runs, 0 hits, 0 errors, 0 left on base; Little Caesars 3 - Ft. Polk South 3
TOP OF THE 11TH
Little Caesars Hot N Readys batting - Pitching for Ft. Polk South Thunder Hawks : LHP César Vásquez
Batting: RHB Hamilton Swan 0-0: Swinging Strike
0-1: Swinging Strike
0-2: Foul Ball, location: 2F
0-2: Ball
1-2: Strikes out swinging
Batting: RHB Jen-djieh Cheung 0-0: Ball
1-0: Foul Ball, location: 2F
1-1: Ground out 1-3 (Groundball, 13S)
Batting: LHB Josh Platt 0-0: Ball
1-0: Ball
2-0: Swinging Strike
2-1: Foul Ball, location: 2F
2-2: Ball
3-2: Fly out, F7 (Flyball, 78M)
Top of the 11th over - 0 runs, 0 hits, 0 errors, 0 left on base; Little Caesars 3 - Ft. Polk South 3
BOTTOM OF THE 11TH
Ft. Polk South Thunder Hawks batting - Pitching for Little Caesars Hot N Readys : RHP Gabriel Escobar
Pitching: RHP Gabriel Escobar
Batting: RHB Alejandro Santiago 0-0: Called Strike
0-1: Ball
1-1: Foul Ball, location: 2F
1-2: Ball
2-2: Ground out U3 (Groundball, 34S)
Batting: SHB Álex Castillo 0-0: Ball
1-0: Called Strike
1-1: Called Strike
1-2: SINGLE (Flyball, 9S)
Batting: LHB Tim Stinson 0-0: Ball
1-0: SINGLE (Flyball, 9LS)
Álex Castillo to second
Runner from 2nd tries for 3rd, SAFE, throw made to third
Batting: RHB Reece Cockin 0-0: Called Strike
0-1: Ball
1-1: Ball
2-1: Swinging Strike
2-2: Strikes out swinging
Batting: RHB César Villarreal 0-0: Called Strike
0-1: Ball
1-1: Ball
2-1: Ball
3-1: Fielders Choice at 2nd, 5-4 (Groundball, 56)
Bottom of the 11th over - 0 runs, 2 hits, 0 errors, 2 left on base; Little Caesars 3 - Ft. Polk South 3
TOP OF THE 12TH
Little Caesars Hot N Readys batting - Pitching for Ft. Polk South Thunder Hawks : LHP César Vásquez
Batting: SHB Shiki Sanu 0-0: Ball
1-0: Called Strike
1-1: Ball
2-1: Called Strike
2-2: Ball
3-2: Base on Balls
Pitching: RHP Joey Hamman
Batting: SHB Keyveat Postell 0-0: Called Strike
0-1: Fielders Choice at 2nd, 1-4 (Groundball, 15S)
Batting: LHB Pedro García 0-0: Grounds into double play, 4-6-3 (Groundball, 4)
Top of the 12th over - 0 runs, 0 hits, 0 errors, 0 left on base; Little Caesars 3 - Ft. Polk South 3
BOTTOM OF THE 12TH
Ft. Polk South Thunder Hawks batting - Pitching for Little Caesars Hot N Readys : RHP Gabriel Escobar
Batting: RHB Peter Feng 0-0: Swinging Strike
0-1: Swinging Strike
0-2: Ball
1-2: Ball
2-2: Foul Ball, location: 2F
2-2: Foul Ball, location: 2F
2-2: Strikes out swinging
Batting: RHB Turner Buccigross 0-0: Called Strike
0-1: Foul Ball, location: 2F
0-2: Ball
1-2: Foul Ball, location: 2F
1-2: Foul Ball, location: 2F
1-2: Ball
2-2: Ball
3-2: Foul Ball, location: 2F
3-2: Base on Balls
Batting: RHB José Morín 0-0: Fly out, F5 (Line Drive, 5)
Batting: RHB Borja Berrios 0-0: SINGLE (Groundball, 56D)
Turner Buccigross to second
Batting: RHB Alejandro Santiago 0-0: Called Strike
0-1: Called Strike
0-2: SINGLE (Line Drive, 7S)
Turner Buccigross to third
Borja Berrios to second
Runner from 3rd tries for Home, SAFE, no throw
Tuesday, December 19th, 2017 - OOTP Baseball 18.8 Build 76